 Dungeon Crawl Stone Soup version 0.20.0-1-g1cb1d84 (webtiles) character file.

8424 shmeve the Fighter (level 11, -8/99 HPs)
             Began as a Yellow Draconian Berserker on May 26, 2017.
             Was a High Priest of Trog.
             Mangled by Snorg (21 damage)
             ... on level 10 of the Dungeon.
             The game lasted 00:15:31 (8913 turns).

shmeve the Fighter (Yellow Draconian Berserker)     Turns: 8913, Time: 00:15:34

Health: -8/99      AC:  8    Str: 21    XL:     11   Next: 9%
Magic:  3/3        EV: 16    Int:  8    God:    Trog [*****.]
Gold:   296        SH:  9    Dex: 12    Spells: 10/10 levels left

rFire    . . .     SeeInvis .   C - +0 broad axe (antimagic)
rCold    . . .     Gourm    .   x - +2 buckler
rNeg     . . .     Faith    .   (armour unavailable)
rPois    .         Spirit   .   (helmet restricted)
rElec    .         Reflect  +   (no cloak)
rCorr    +         Harm     .   (no gloves)
MR       .....                  t - +0 pair of boots
Stlth    +++++.....             B - +2 amulet of reflection
Regen    0.3/turn               f - +2 ring of slaying
MPRegen  0.1/turn               q - ring of stealth

@: short of breath
A: spit acid, acid resistance, unfitting armour, cold-blooded, AC +7
a: Breathe Acid, Berserk, Trog's Hand, Brothers in Arms, Burn Spellbooks,
Renounce Religion


You were on level 10 of the Dungeon.
You worshipped Trog.
Trog was extremely pleased with you.
You were not hungry.

You visited 1 branch of the dungeon, and saw 10 of its levels.

You collected 296 gold pieces.

Inventory:

Hand Weapons
 h - a +3 hand axe of chopping
 C - a +0 antimagic broad axe (weapon)
Armour
 t - a +0 pair of boots (worn)
 x - a +2 buckler (worn)
Jewellery
 f - a +2 ring of slaying (left hand)
 q - a ring of stealth (right hand)
 B - a +2 amulet of reflection (around neck)
Wands
 v - a wand of disintegration (5/24)
Scrolls
 a - a scroll of amnesia {unknown}
 c - 2 scrolls of teleportation {unknown}
 d - 7 scrolls of identify {unknown}
 i - a scroll of enchant armour {unknown}
 k - 6 scrolls of remove curse {unknown}
 o - 2 scrolls of fog {unknown}
 p - 2 scrolls of blinking {unknown}
 s - 2 scrolls of recharging {unknown}
 w - a scroll of random uselessness {unknown}
 y - a scroll of summoning {unknown}
Potions
 e - 5 potions of curing {unknown}
 g - 2 potions of mutation {unknown}
 m - 3 potions of degeneration {unknown}
 n - a potion of flight {unknown}
 r - 3 potions of might
 u - a potion of agility {unknown}
 z - 2 potions of brilliance {unknown}
 A - a potion of lignification {unknown}
 E - a potion of heal wounds {unknown}
Books
 D - a book of Battle

   Spells                             Type                      Level
   a - Infusion                       Charms                       1
   b - Shroud of Golubria             Charms/Translocation         2
   c - Song of Slaying                Charms                       2
   d - Spectral Weapon                Hexes/Charms                 3
   e - Regeneration                   Charms/Necromancy            3
   Trog disapproves of the use of such an item.
Comestibles
 b - 10 bread rations
 j - a royal jelly
 l - 3 meat rations


   Skills:
 - Level 9.9 Fighting
 - Level 8.6 Axes
 - Level 7.9 Dodging
 + Level 8.1 Stealth
 + Level 5.4 Shields


You had 10 spell levels left.
You didn't know any spells.

Dungeon Overview and Level Annotations

Branches:
Dungeon (10/15)            Temple (0/1) D:4
   Lair: D:8-11         Orc: D:9-12

Altars:
Dithmenos
Fedhas
Gozag
Trog
Xom
Yredelemnul

Shops:
D:4 ?[

Annotations:
D:10 Snorg


Innate Abilities, Weirdness & Mutations

You can spit globs of acid.
You are resistant to acid.
Your golden yellow scales are hard. (AC +7)
You cannot fit into any form of body armour.
You are cold-blooded and may be slowed by cold attacks.


Message History

You closely miss Snorg.
Snorg is heavily wounded.
Snorg goes berserk!
Snorg misses you. Snorg closely misses you. You block Snorg's attack.
You closely miss Snorg.
Snorg is heavily wounded.
Snorg bites you but does no damage. Snorg closely misses you.
You block Snorg's attack.
You hit Snorg.
Snorg is heavily wounded.
Snorg closely misses you. You block Snorg's attack. Snorg claws you!
Snorg bites you! Snorg closely misses you. Snorg claws you!
You slash Snorg!
Snorg is heavily wounded.
Snorg bites you!
* * * LOW HITPOINT WARNING * * *
Snorg claws you.
* * * LOW HITPOINT WARNING * * *
You block Snorg's attack. Snorg bites you!!
You die...

?.........# .....$...#
........# #......># .##.
#.......#
....#####.......#### #.
##.................. #.
#...####.#..@T......
#.###..........)#.##....
......#....#.##.#.# .
........>..#.......
......#....###......
....................).
......#....###........
......#....# ########..
......######


You could see Snorg (berserk).

Vanquished Creatures
  Erolcha (D:10)
  3 two-headed ogres (D:8)
  The ghost of Squip the Cleaver, a novice BaFi of Xom (D:9)
  Pikel (D:4)
  A troll (D:9)
  Grinder (D:5)
  2 hippogriffs (D:9)
  Sigmund (D:4)
  A spriggan (D:7)
  6 orc warriors
  2 black bears
  An ice beast (D:10)
  3 slaves (D:4)
  A sky beast (D:8)
  A phantom (D:8)
  2 centaurs (D:5)
  An ogre (D:7)
  Blork the orc (D:5)
  2 big kobolds (D:8)
  3 bullfrogs
  A wyvern zombie (D:8)
  2 scorpions
  A wyvern skeleton (D:8)
  3 killer bees (D:8)
  3 wights (D:8)
  3 howler monkeys (D:9)
  A bullfrog zombie (D:7)
  A crimson imp (D:9)
  5 hounds
  2 jellies
  A quasit (D:6)
  7 orc priests
  13 orc wizards
  A centaur skeleton (D:4)
  A bullfrog skeleton (D:4)
  Ijyb (D:5)
  2 iguanas
  5 worker ants
  2 hound zombies
  2 gnolls (D:3)
  11 adders
  A shadow imp (D:9)
  2 adder skeletons
  A worm (D:4)
  A dart slug (D:2)
  4 leopard geckos
  37 orcs
  A ball python (D:3)
  4 giant cockroaches
  7 goblins
  10 hobgoblins
  12 jackals
  24 kobolds
  4 quokkas
  8 bats
  9 frilled lizards
  15 rats
243 creatures vanquished.

Vanquished Creatures (others)
  A gnoll (D:4)
  A kobold (D:8)
  3 plants (D:8)
5 creatures vanquished.

Grand Total: 248 creatures vanquished

Notes
Turn   | Place    | Note
-------+----------+-------------------------------------------
     0 | D:1      | shmeve the Draconian Berserker began the quest for the Orb.
     0 | D:1      | Reached XP level 1. HP: 19/19 MP: 1/1
   361 | D:1      | Reached XP level 2. HP: 25/26 MP: 2/2
   748 | D:2      | Reached XP level 3. HP: 24/33 MP: 3/3
   831 | D:2      | Reached ** piety under Trog
  1027 | D:2      | Reached skill level 1 in Stealth
  1027 | D:2      | Reached skill level 4 in Fighting
  1352 | D:2      | Reached XP level 4. HP: 37/40 MP: 4/4
  2243 | D:3      | Reached XP level 5. HP: 12/47 MP: 5/5
  2794 | D:3      | Reached *** piety under Trog
  2951 | D:4      | Reached skill level 5 in Fighting
  3008 | D:4      | Reached XP level 6. HP: 51/56 MP: 6/6
  3081 | D:4      | Found Wapa's Magic Scroll Shoppe.
  3127 | D:4      | Noticed Sigmund
  3155 | D:4      | Found a staircase to the Ecumenical Temple.
  3227 | D:4      | Killed Sigmund
  3227 | D:4      | Your scales start taking on a golden yellow colour.
  3227 | D:4      | Reached XP level 7. HP: 62/62 MP: 7/7
  3234 | D:4      | Found Cuqeh's Antique Armour Emporium.
  3253 | D:4      | Found a basalt altar of Yredelemnul.
  3344 | D:4      | Reached skill level 6 in Fighting
  3368 | D:4      | Noticed Pikel
  3378 | D:4      | Killed Pikel
  3378 | D:4      | Reached skill level 5 in Axes
  3378 | D:4      | Reached skill level 5 in Dodging
  3378 | D:4      | Reached XP level 8. HP: 71/71 MP: 8/8
  3822 | D:5      | Entered Level 5 of the Dungeon
  3843 | D:5      | Reached **** piety under Trog
  3899 | D:5      | Noticed Blork the orc
  3908 | D:5      | Killed Blork the orc
  3908 | D:5      | Reached skill level 7 in Fighting
  3978 | D:5      | Noticed Grinder
  3987 | D:5      | Killed Grinder
  3997 | D:5      | Found a shimmering altar of Xom.
  4001 | D:5      | Found a shadowy altar of Dithmenos.
  4094 | D:5      | Found a bloodstained altar of Trog.
  4201 | D:5      | Noticed Ijyb
  4210 | D:5      | Killed Ijyb
  4750 | D:6      | Reached skill level 8 in Fighting
  4750 | D:6      | Reached XP level 9. HP: 50/81 MP: 9/9
  5216 | D:6      | Received a gift from Trog
  6071 | D:7      | Found an opulent altar of Gozag.
  6377 | D:8      | Noticed a two-headed ogre
  6386 | D:8      | Killed a two-headed ogre
  6386 | D:8      | Reached skill level 9 in Fighting
  6386 | D:8      | Reached skill level 5 in Stealth
  6477 | D:8      | Reached XP level 10. HP: 48/91 MP: 10/10
  6691 | D:8      | Noticed a two-headed ogre
  6695 | D:8      | Killed a two-headed ogre
  6720 | D:8      | Reached ***** piety under Trog
  6967 | D:8      | Noticed a two-headed ogre
  6974 | D:8      | Killed a two-headed ogre
  7344 | D:8      | Found a blossoming altar of Fedhas.
  7756 | D:9      | Noticed Squip's ghost (novice BaFi)
  7779 | D:9      | Killed Squip's ghost
  8365 | D:9      | Received a gift from Trog
  8651 | D:10     | Entered Level 10 of the Dungeon
  8651 | D:10     | Noticed Erolcha
  8660 | D:10     | Killed Erolcha
  8660 | D:10     | Reached skill level 5 in Shields
  8660 | D:10     | Reached XP level 11. HP: 77/99 MP: 3/11
  8899 | D:10     | Noticed Snorg
  8913 | D:10     | Mangled by Snorg

Skill      XL: |  1  2  3  4  5  6  7  8  9 10 |
---------------+-------------------------------+-----
Dodging        | 3 4 5 6 7 |  7.9
Stealth        | 1 2 3 4 5 8 |  8.1
Fighting       | 4 5 6 8 9 |  9.9
Axes           | 4 5 6 8 |  8.6
Shields        | 5 |  5.4

Action                   |  1- 3 |  4- 6 |  7- 9 | 10-12 || total
-------------------------+-------+-------+-------+-------++-------
Melee: Hand axe          |    78 |    95 |   175 |    99 ||   447
       Tailslap          |     4 |     8 |    30 |    14 ||    56
       Broad axe         |       |       |       |    28 ||    28
Invok: Berserk           |       |     4 |     4 |     3 ||    11
       Trog's Hand       |       |     2 |     1 |       ||     3
       Burn Spellbooks   |       |       |     1 |       ||     1
 Abil: Breathe Acid      |       |       |     4 |     4 ||     8
 Stab: Sleeping          |       |     5 |    14 |     9 ||    28
  Eat: Chunk             |     1 |     9 |    17 |     9 ||    36
       Royal jelly       |       |       |       |     1 ||     1
Armor: Skin              |    17 |    29 |    69 |    33 ||   148
Dodge: Dodged            |    61 |    63 |   102 |   102 ||   328
Block: Buckler           |       |       |       |    25 ||    25
